 Dungeon Crawl Stone Soup version 0.31.0-11-ge490571c62 (webtiles) character file.

Game seed: 2125499814385848495

2370 booth the Cleaver (level 9, -1/123 HPs)
             Began as a Minotaur Fighter on Feb 9, 2024.
             Was a Believer of Okawaru.
             Slain by a gnoll sergeant
             ... wielding a +0 glaive
              (4 damage)
             ... in a bailey on Feb 10, 2024.
             The game lasted 00:36:56 (6142 turns).

booth the Cleaver (Minotaur Fighter)                Turns: 6142, Time: 00:36:57

Health: -1/123     AC: 16    Str: 22    XL:     9   Next: 21%
Magic:  10/10      EV:  8    Int:  7    God:    Okawaru [**....]
Gold:   125        SH:  4    Dex: 11    Spells: 8/8 levels left

rFire   . . .        a - +3 war axe
rCold   . . .        c - +0 buckler
rNeg    . . .        C - +0 chain mail
rPois   +            (helmet restricted)
rElec   .            G - +0 cloak
rCorr   .            n - +1 Delatra's gloves {ID++}
SInv    .            B - +1 pair of boots
Will    .....        (no amulet) Stlth
                     (no ring)
HPRegen 0.40/turn    D - ring of poison resistance
MPRegen 0.12/turn

%: no passive effects
@: berserking, weakened, studying Axes, very quick
A: horns 2, retaliatory headbutt
a: Renounce Religion, Heroism


You were in a bailey.
You worshipped Okawaru.
Okawaru was pleased with you.
You visited 2 branches of the dungeon, and saw 8 of its levels.
You also visited: Bailey.

You collected 628 gold pieces.
You spent 503 gold pieces at shops.

Inventory:

Hand Weapons
 a - a +3 war axe (weapon)
 z - a +0 mace
 H - the +7 hammer of Baufyebb {venom, rF+ Stlth+}
   (You found it on level 5 of the Dungeon)

   rF+:       It protects you from fire.
   Stlth+:    It makes you more stealthy.
Missiles
 i - 2 boomerangs (quivered)
 u - 11 poisoned darts
 F - 5 throwing nets
Armour
 b - a +0 scale mail
 c - a +0 buckler (worn)
 n - the +1 Delatra's gloves (worn) {ID++}
   (You found it on level 2 of the Dungeon)

   ID++:      It heals its wearer when they drink unknown potions, and restores
   their MP when they read unknown scrolls.
 o - a +0 pair of gloves
 t - a +0 crystal plate armour
 B - a +1 pair of boots (worn)
 C - a +0 chain mail (worn)
 G - a +0 cloak (worn)
Jewellery
 m - a ring of fire
 v - an amulet of magic regeneration
 A - a ring of ice
 D - a ring of poison resistance (right hand)
Scrolls
 e - a scroll of vulnerability
 f - 2 scrolls of immolation
 p - a scroll of summoning {unknown}
 r - 2 scrolls of revelation
 x - 2 scrolls of fog
 y - a scroll of torment
 E - 2 scrolls of fear {unknown}
 I - a scroll of acquirement {unknown}
 J - 2 scrolls of teleportation
 K - a scroll of blinking {unknown}
Potions
 d - 2 potions of might
 g - 2 potions of invisibility
 h - a potion of attraction
 k - 3 potions of enlightenment
 l - a potion of magic
 q - 3 potions of haste
 s - 3 potions of curing
 w - a potion of cancellation


   Skills:
 + Level 8.5 Fighting
 + Level 11.1 Axes
 + Level 7.4 Armour
 - Level 3.6 Shields
 + Level 3.2 Invocations


You had 8 spell levels left.
You didn't know any spells.
Your spell library contained the following spells:

 Spells                   Type           Power      Damage    Failure   Level
 Sandblast                Erth           0%         2d4       97%         1
 Lesser Beckoning         Tloc           0%         N/A       99%         2
 Gell's Gravitas          Tloc           0%         N/A       100%        3
 Ozocubu's Armour         Ice            0%         N/A       100%        3
 Stone Arrow              Conj/Erth      0%         3d7       100%        3
 Teleport Other           Tloc           0%         N/A       100%        3
 Leda's Liquefaction      Alch/Erth      0%         N/A       100%        4
 Borgnjor's Vile Clutch   Necr/Erth      0%         N/A       100%        5
 Lee's Rapid Deconstruct  Erth           0%         3d4*      100%        5
 Metabolic Englaciation   Hex/Ice        0%         N/A       100%        5
 Bombard                  Conj/Erth      0%         9d1       100%        6
 Dispersal                Tloc           0%         N/A       100%        6
 Animate Armour           Summ/Erth      Unusable   N/A       N/A         4
 Sculpt Simulacrum        Ice/Alch       Unusable   N/A       N/A         6

Dungeon Overview and Level Annotations

Branches:
Dungeon (7/15)             Temple (1/1) D:5          Bailey (1/1)

Altars:
Ashenzari
Cheibriados
Dithmenos
Elyvilon
Fedhas
Gozag
Hepliaklqana
Kikubaaqudgha
Makhleb
Nemelex Xobeh
Okawaru
Qazlal
Ru
Sif Muna
Trog
Uskayaw
Wu Jian
Xom
Zin
The Shining One

Shops:
D:4 (   D:7 (*?[

Annotations:
D:6 2 runed translucent doors


Innate Abilities, Weirdness & Mutations

You have a pair of horns on your head.
You reflexively headbutt those who attack you in melee.


Message History

The wolf barely misses you.
The gnoll hits you from afar with a +0 trident.
* * * LOW HITPOINT WARNING * * *
The wolf barely misses you. The gnoll barely misses you.
You furiously retaliate!
You headbutt the gnoll.
The gnoll bouda hits you but does no damage.
Things that are here:
a +0 halberd; a +0 scale mail You completely miss the wolf.
Your headbutt misses the wolf.
The wolf is moderately wounded.
You hit the gnoll. The wolf barely misses you. You furiously retaliate!
You headbutt the wolf. The gnoll barely misses you.
The gnoll bouda hits you from afar with a +0 halberd!
* * * LOW HITPOINT WARNING * * *
The wolf bites you but does no damage.
You slash the wolf!
You kill the wolf!
Okawaru accepts your kill.
You slash the gnoll!
Your surroundings suddenly seem different.
A gnoll, a gnoll bouda and a gnoll sergeant come into view.
The gnoll shouts!
The gnoll sergeant shouts!
You block the gnoll's attack.
The gnoll sergeant hits you with a +0 glaive.
* * * LOW HITPOINT WARNING * * *
The gnoll bouda gazes fiercely through you!
You feel as though you will be weak longer.
You block the gnoll bouda's attack.
You feel better.
The gnoll sergeant hits you with a +0 glaive!
* * * LOW HITPOINT WARNING * * *
The gnoll closely misses you.
The gnoll bouda barks out a call to the hunt!
The gnolls pick up the pace!
A red film seems to cover your vision as you go berserk!
You feel yourself moving faster!
You feel mighty! The gnoll hits you with a +0 trident.
* * * LOW HITPOINT WARNING * * *
The gnoll sergeant hits you with a +0 glaive.
You die...

#...# #...# ##'##
##...## ##.....## #..
#.......# ♣≈#..
#...8...#+###≈♣
♣≈#...#.......#g.g#≈♣
♣≈#..h##.....##.@.#≈♣
♣≈#....##...##...g#≈♣
♣≈#8.ggg##)##....8#≈♣
♣≈#...gg#)).#.....#≈♣
♣≈##..ggg...+....##≈♣
♣≈.##.gg#..(#...##.≈♣
♣≈..#####...#####..≈♣
♣≈.................≈♣
♣≈≈...............≈≈♣


You could see a gnoll sergeant (swift), a gnoll bouda and a gnoll (swift).

Vanquished Creatures
  Sigmund (D:3)
  A steam dragon (D:6)
  2 ogres
  A black bear (D:7)
  A centaur (D:6)
  A wolf (Bailey)
  2 phantoms
  A kobold brigand (D:6)
  A bullfrog (D:7)
  7 scorpions (D:5)
  2 gnoll sergeants
  3 bombardier beetles
  A jelly (D:7)
  4 hounds
  An orc priest (D:6)
  Crazy Yiuf (D:5)
  A gnoll bouda (Bailey)
  2 sleepcaps
  Terence (D:3)
  4 iguanas (D:6)
  An orc wizard (D:6)
  9 gnolls (Bailey)
  9 adders
  A shadow imp (D:6)
  3 white imps
  2 ufetubi (D:5)
  3 ribbon worms
  2 dart slugs
  19 orcs
  6 endoplasms
  5 giant cockroaches
  3 goblins
  3 hobgoblins
  4 quokkas
  7 ball pythons
  A bat (D:3)
  4 frilled lizards
  12 kobolds
  4 rats
136 creatures vanquished.

Notes
Turn   | Place    | Note
-------+----------+-------------------------------------------
     0 | D:1      | booth the Minotaur Fighter began the quest for the Orb.
     0 | D:1      | Reached XP level 1. HP: 19/19 MP: 0/0
   241 | D:1      | Reached skill level 3 in Axes
   241 | D:1      | Reached XP level 2. HP: 26/27 MP: 1/1
   677 | D:2      | Found the +1 Delatra's gloves {ID++}
   942 | D:2      | Reached XP level 3. HP: 33/33 MP: 2/2
  1146 | D:2      | Reached skill level 4 in Axes
  1433 | D:3      | Noticed Sigmund
  1456 | D:3      | Killed Sigmund
  1457 | D:3      | Reached skill level 5 in Fighting
  1457 | D:3      | Reached skill level 5 in Axes
  1457 | D:3      | Reached XP level 4. HP: 15/42 MP: 3/3
  1457 | D:3      | Reached XP level 5. HP: 18/48 MP: 4/4
  1556 | D:3      | Reached skill level 6 in Axes
  1601 | D:3      | Noticed Terence
  1612 | D:3      | Killed Terence
  1686 | D:3      | Reached XP level 6. HP: 56/56 MP: 5/5
  1969 | D:3      | Identified the +0 dagger of Coduwn {venom, rElec rN+ Str+3}
  2267 | D:4      | Got Salaokhla's Verses on the Quarry
  2534 | D:4      | Identified the +8 spear of Zuryilea {flame, rCorr}
  2616 | D:4      | Identified the +0 robe "Qimetoet" {^Contam rCorr Int+2
                  | Dex+4}
  2910 | D:4      | Found Zechiden's Weapon Boutique.
  2918 | D:4      | Bought 2 boomerangs for 44 gold pieces
  3066 | D:5      | Entered Level 5 of the Dungeon
  3115 | D:5      | Reached skill level 7 in Axes
  3132 | D:5      | Reached XP level 7. HP: 62/63 MP: 6/6
  3381 | D:5      | Found a shimmering blue altar of Sif Muna.
  3516 | D:5      | Found a white marble altar of Elyvilon.
  3516 | D:5      | Found a glowing silver altar of Zin.
  3548 | D:5      | Reached skill level 8 in Axes
  3548 | D:5      | Reached skill level 5 in Armour
  3609 | D:5      | Found a staircase to the Ecumenical Temple.
  3629 | Temple   | Entered the Ecumenical Temple
  3639 | Temple   | Became a worshipper of Warmaster Okawaru
  3666 | D:5      | Found a stormy altar of Qazlal.
  3741 | D:5      | Found a runed translucent door.
  3742 | D:5      | Noticed Crazy Yiuf
  3753 | D:5      | Killed Crazy Yiuf
  3762 | D:5      | Identified the +7 hammer of Baufyebb {venom, rF+ Stlth+}
  3907 | D:5      | Reached XP level 8. HP: 70/73 MP: 7/7
  4080 | D:6      | Reached skill level 9 in Axes
  4088 | D:6      | Reached * piety under Okawaru
  4500 | D:6      | Found a runed translucent door.
  4502 | D:6      | Found a runed translucent door.
  4556 | D:6      | Reached skill level 1 in Invocations
  4638 | D:6      | Found a glowing golden altar of the Shining One.
  4715 | D:6      | Found a hide-covered altar of Uskayaw.
  4730 | D:6      | Reached skill level 10 in Axes
  5031 | D:7      | Found Kuxtuxy's Antique Armour Boutique.
  5121 | D:7      | Found Ijysag's Magic Scroll Boutique.
  5130 | D:7      | Bought a scroll of identify for 24 gold pieces
  5130 | D:7      | Bought a scroll of teleportation for 36 gold pieces
  5131 | D:7      | Bought a scroll of identify for 24 gold pieces
  5131 | D:7      | Bought a scroll of identify for 24 gold pieces
  5169 | D:7      | Found Ryrist Deuh's Assorted Antiques.
  5175 | D:7      | Bought a scroll of enchant weapon for 195 gold pieces
  5175 | D:7      | Bought a scroll of teleportation for 78 gold pieces
  5175 | D:7      | Bought a scroll of teleportation for 78 gold pieces
  5312 | D:7      | Reached ** piety under Okawaru
  5333 | D:7      | Found Fablaore's Antique Weapon Shoppe.
  5513 | D:7      | Found a flagged portal.
  5522 | D:7      | Reached XP level 9. HP: 70/81 MP: 9/9
  5564 | Bailey   | Entered a bailey
  5738 | Bailey   | Reached skill level 11 in Axes
  6142 | Bailey   | HP: 3/123 [gnoll/+0 trident (6)]
  6142 | Bailey   | Slain by a gnoll sergeant

Illustrated notes

Levels and vault maps discovered:
D:1:      minmay_arrival_five_plusses, layout_loops_ring, minmay_tiny_reverse_x
D:2:      layout_loops_cross, lexackson_kobold_supper
D:3:      layout_basic, uniq_terence, uniq_sigmund
D:4:      layout_basic, serial_shops, shop, dreamdust_princess_corridor
D:5:      layout_basic, nicolae_overflow_hidden_temple,
          minmay_temple_entry_offerings, uniq_crazy_yiuf_cottage
D:6:      lemuel_insect_pit, layout_loops_ring,
          mainiacjoe_overflow_large_starburst, minmay_manual_mail
D:7:      layout_basic, serial_shops, shop_fountains, shop, shop_fountains,
          shop, enter_bailey_6, st_stairs_6
Temple:   nicolae_temple_bog_church
Bailey:   bailey_polearm_gnolls_kennysheep, bailey

Skill      XL: |  1  2  3  4  5  6  7  8  9 |
---------------+----------------------------+-----
Axes           | 3 5 6 7 8 10 11 | 11.1
Fighting       | 4 5 6 7 8 |  8.5
Armour         | 4 5 7 |  7.4
Invocations    | 2 3 |  3.2
Shields        | |  3.6

Action                     |  1- 3 |  4- 6 |  7- 9 || total
---------------------------+-------+-------+-------++-------
  Melee: War axe           |    63 |    92 |   185 ||   340
         Headbutt          |    11 |    12 |    31 ||    54
  Throw: Boomerang         |    12 |    30 |     5 ||    47
    Use: Scroll            |     5 |     3 |    13 ||    21
         Potion            |     1 |       |     4 ||     5
 Armour: Scale mail        |    45 |    43 |   161 ||   249
         Chain mail        |       |       |    53 ||    53
  Dodge: Dodged            |    31 |    39 |   101 ||   171
  Block: Buckler           |     9 |    28 |    43 ||    80
